 Dungeon Crawl Stone Soup version 0.32-a0-366-gfe75644 (webtiles) character file.

Game seed: 8343968563859907112

1719 Nithhogg the Chopper (level 8, -1/73 HPs)
             Began as a Mountain Dwarf Fighter on Feb 18, 2024.
             Was a Follower of Qazlal.
             Killed by an exploding burial acolyte (12 damage)
             ... ignited by their inner flame
             ... on level 6 of the Dungeon.
             The game lasted 00:12:07 (7186 turns).

Nithhogg the Chopper (Mountain Dwarf Fighter)       Turns: 7186, Time: 00:12:07

Health: -1/73      AC:  7    Str: 22    XL:     8   Next: 75%
Magic:  13/13      EV:  9    Int:  8    God:    Qazlal [*.....]
Gold:   254        SH:  1    Dex:  9    Spells: 7/7 levels left

rFire   . . .        a - +0 war axe
rCold   . . .        (no shield)
rNeg    . . .        b - +0 scale mail
rPois   .            (no helmet)
rElec   .            (no cloak)
rCorr   .            (no gloves)
SInv    .            (no boots)
Will    .....        (no amulet) Stlth
                     (no ring)
HPRegen 0.32/turn    (no ring)
MPRegen 0.13/turn

%: no passive effects
@: about to teleport
A: runic magic, artefact enchanting
a: Renounce Religion


You were on level 6 of the Dungeon.
You worshipped Qazlal.
Qazlal was aware of your devotion.
You visited 2 branches of the dungeon, and saw 7 of its levels.

You collected 254 gold pieces.

Inventory:

Hand Weapons
 a - a +0 war axe (weapon)
 s - the +5 falchion of Harmony {heavy, rElec}
   (You found it on level 5 of the Dungeon)

   rElec:     It insulates you from electricity.
Missiles
 h - 11 poisoned darts (quivered)
 n - 3 throwing nets
Armour
 b - a +0 scale mail (worn)
 c - a +0 buckler
Jewellery
 k - a ring of magical power
 l - a ring of magical power
 r - a +4 ring of protection
Wands
 q - a wand of paralysis (10)
Scrolls
 u - a scroll of enchant weapon
 v - a scroll of amnesia
 w - a scroll of identify
Potions
 d - a potion of might
 e - a potion of curing
 f - a potion of degeneration
 g - a potion of lignification
 i - a potion of heal wounds
 j - 4 potions of brilliance
 m - a potion of mutation {unknown}
 o - a potion of enlightenment {unknown}


   Skills:
 + Level 7.0 Fighting
 + Level 7.1 Axes
 + Level 6.9 Armour
 - Level 3.2 Shields
 + Level 7.1 Invocations


You had 7 spell levels left.
You didn't know any spells.
Your spell library contained the following spells:

 Spells                   Type           Power      Damage    Failure   Level
 Slow                     Hex            0%         N/A       47%         1
 Mercury Vapours          Alch/Air       0%         N/A       63%         2
 Confusing Touch          Hex            0%         N/A       85%         3
 Mephitic Cloud           Conj/Alch/Air  0%         N/A       85%         3
 Sigil of Binding         Hex            0%         N/A       85%         3
 Vampiric Draining        Necr           0%         2d6       85%         3
 Freezing Cloud           Conj/Ice/Air   0%         6-21      100%        5


Dungeon Overview and Level Annotations

Branches:
Dungeon (6/15)             Temple (1/1) D:5

Altars:
Ashenzari
Cheibriados
Dithmenos
Hepliaklqana
Kikubaaqudgha
Makhleb
Nemelex Xobeh
Qazlal
Trog
Uskayaw
Wu Jian
Yredelemnul
Zin
The Shining One
Jiyva

Annotations:
D:2 1 runed translucent door, Crazy Yiuf


Innate Abilities, Weirdness & Mutations

Your spellcasting is much less encumbered by armour.
You can use scrolls of enchantment on lesser artefacts.


Message History

The burial acolyte hits you but does no damage.
The jelly hits you but does no damage.
An orc comes into view. It is wielding a +0 whip.
As you read the scroll labelled WABBEI BAOD, it crumbles to dust.
The creatures around you are filled with an inner flame!
It was a scroll of immolation.
The orc shouts!
The burial acolyte closely misses you. The orc hits you but does no damage.
The jelly hits you.
You are splashed with acid!
As you read the scroll of teleportation, it crumbles to dust.
You feel strangely unstable.
The burial acolyte hits you but does no damage.
The orc closely misses you.
The orc warrior hits you from afar with a +0 halberd.
The jelly hits you.
You are splashed with acid.
The orc attacks as it pursues you! The orc hits you with a +0 hand axe.
The burial acolyte closely misses you.
You hit the burial acolyte.
Flame seeps out of the burial acolyte.
The burial acolyte is almost dead.
You hit the orc.
Flame seeps out of the orc.
The orc is engulfed in blazing flames.
Qazlal accepts your kill.
The orc explodes!
The fiery explosion engulfs the orc warrior!!
Flame seeps out of the orc warrior.
The orc warrior is severely wounded.
The fiery explosion engulfs the burial acolyte!!
Qazlal accepts your kill.
The fiery explosion engulfs the jelly!!
Qazlal accepts your kill.
The fiery explosion engulfs the adder!!!
Qazlal accepts your kill.
You are now surrounded by a storm.
The fiery explosion engulfs you!!
* * * LOW HITPOINT WARNING * * *
The adder explodes!
The jelly explodes!
The fiery explosion engulfs the orc warrior!!
Qazlal accepts your kill.
The orc warrior explodes!
The burial acolyte explodes!
The fiery explosion engulfs you!
You die...

#.....### #.##### ..
##.....## ##.##...
...##+##.......###..##.##
.........##'##...........
....#....#...#...........
........§§._.#.......###.
....#§§§§#...#....)..#<#.
....o§§○○#####.......#..÷
...##+##@#...........####
###...............
#..........#####
#..........# #
#..........# #
######.#########
#.......... ###########


You could see an orc (inner flame).

Vanquished Creatures
  Sigmund (D:2)
  2 water moccasins (D:6)
  An orc warrior (D:6)
  2 black bears
  2 ogres (D:5)
  A gnoll sergeant (Temple)
  A scorpion (D:2)
  A burial acolyte (D:6)
  A hound (D:6)
  4 jellies
  2 orc priests (D:5)
  A sleepcap (D:3)
  Natasha (thrice) (D:2)
  Terence (D:2)
  An orc wizard (D:5)
  2 iguanas (D:5)
  A hound zombie (D:6)
  11 gnolls
  15 adders
  A shadow imp (D:6)
  4 ufetubi
  2 ribbon worms
  14 orcs
  2 bats
  3 endoplasms (D:1)
  2 giant cockroaches
  12 goblins
  2 hobgoblins (D:3)
  2 jackals (D:5)
  2 quokkas
  11 ball pythons
  3 frilled lizards
  2 gnoll zombies (D:6)
  13 kobolds
  2 kobold zombies (D:6)
  5 rats
135 creatures vanquished.

Notes
Turn   | Place    | Note
-------+----------+-------------------------------------------
     0 | D:1      | Nithhogg the Mountain Dwarf Fighter began the quest for the
                  | Orb.
     0 | D:1      | Reached XP level 1. HP: 19/19 MP: 1/1
     5 | D:1      | Upgraded the game from 0.32-a0-361-g289a535 to
                  | 0.32-a0-366-gfe75644
   114 | D:1      | Reached skill level 1 in Invocations
   114 | D:1      | Reached XP level 2. HP: 26/26 MP: 2/2
   428 | D:1      | Reached XP level 3. HP: 32/33 MP: 4/4
   939 | D:2      | Noticed Sigmund
   951 | D:2      | Killed Sigmund
   952 | D:2      | Reached XP level 4. HP: 11/41 MP: 4/6
   952 | D:2      | Reached XP level 5. HP: 13/47 MP: 4/7
  1124 | D:2      | Found a runed translucent door.
  1125 | D:2      | Noticed Crazy Yiuf
  1151 | D:2      | Noticed Natasha
  1159 | D:2      | Killed Natasha
  1419 | D:1      | Reached XP level 6. HP: 31/53 MP: 8/8
  1579 | D:2      | Noticed Terence
  1586 | D:2      | Killed Terence
  1927 | D:2      | Noticed Natasha
  1935 | D:2      | Killed Natasha
  2100 | D:2      | Noticed Natasha
  2112 | D:2      | Killed Natasha
  2113 | D:2      | Reached skill level 5 in Armour
  2521 | D:2      | Reached skill level 5 in Fighting
  2971 | D:3      | Reached skill level 5 in Axes
  3003 | D:3      | Reached XP level 7. HP: 61/61 MP: 10/10
  3773 | D:4      | Reached skill level 5 in Invocations
  4035 | D:4      | Found a hide-covered altar of Uskayaw.
  4064 | D:4      | Found a shadowy altar of Dithmenos.
  4418 | D:5      | Entered Level 5 of the Dungeon
  4419 | D:5      | Identified the +5 falchion of Harmony {heavy, rElec}
  4919 | D:5      | Found a staircase to the Ecumenical Temple.
  4958 | Temple   | Entered the Ecumenical Temple
  4977 | Temple   | Became a worshipper of Qazlal Stormbringer
  5281 | Temple   | Reached XP level 8. HP: 41/70 MP: 12/12
  6681 | D:6      | Reached * piety under Qazlal
  7160 | D:6      | Found an ancient bone altar of Kikubaaqudgha.
  7186 | D:6      | Killed by an exploding burial acolyte... ignited by their
                  | inner flame

Illustrated notes

Levels and vault maps discovered:
D:1:      pf_arrival_petrified_forest, layout_basic, kennysheep_minor_cross
D:2:      layout_basic, uniq_crazy_yiuf_cottage, uniq_terence, uniq_sigmund,
          uniq_natasha
D:3:      corexii_shack_village, layout_rooms, nicolae_eternal_life
D:4:      layout_gridville, lemuel_crystal_altar, nicolae_uskayaw_dance_hall
D:5:      layout_gridville, minmay_temple_entry_proselytizer
D:6:      layout_basic, regret_index_kikubaaqudgha_part_by_part,
          mainiacjoe_overflow_tiny_flanked, hex_tiny, nicolae_letterblocks
          [nicolae_letter_subblock, nicolae_letter_subblock,
          nicolae_letter_subblock, nicolae_letter_subblock,
          nicolae_letter_subblock, nicolae_letter_subblock,
          nicolae_letter_subblock, nicolae_letter_subblock,
          nicolae_letter_subblock, nicolae_letter_subblock,
          nicolae_letter_subblock, nicolae_letter_subblock,
          nicolae_letter_subblock, nicolae_letter_subblock,
          nicolae_letter_subblock, nicolae_letter_subblock,
          nicolae_letter_subblock, nicolae_letter_subblock,
          nicolae_letter_subblock, nicolae_letter_subblock,
          nicolae_letter_subblock, nicolae_letter_subblock,
          nicolae_letter_subblock, nicolae_letter_subblock,
          nicolae_letter_subblock]
Temple:   pf_slime_end_temple

Skill      XL: |  1  2  3  4  5  6  7  8 |
---------------+-------------------------+-----
Invocations    | 1 3 4 5 7 |  7.1
Axes           | 3 4 5 7 |  7.1
Fighting       | 4 5 6 7 |  7.0
Armour         | 4 5 6 |  6.9
Shields        | |  3.2

Action                     |  1- 3 |  4- 6 |  7- 9 || total
---------------------------+-------+-------+-------++-------
  Melee: War axe           |    80 |   131 |   285 ||   496
    Use: Scroll            |       |     4 |     9 ||    13
         Potion            |       |       |     1 ||     1
 Armour: Scale mail        |    62 |   127 |   328 ||   517
  Dodge: Dodged            |    38 |    73 |   192 ||   303
  Block: Other             |       |       |     1 ||     1

Table legend: (Time is in decaauts)
 A = Elapsed time spent in this place.
 B = Non-inter-level travel time spent in this place.
 C = Inter-level travel time spent in this place.
 D = Time resting spent in this place.
 E = Time spent auto-exploring this place.
 F = Levels seen in this place.
 G = Mean time per level.
                   A        B        C        D        E       F      G
               +--------+--------+--------+--------+--------+-----+--------+
         Total |   7325 |   7069 |    256 |    643 |   5330 |   7 | 1046.4 |
       Dungeon |   6912 |   6695 |    217 |    294 |   5330 |   6 | 1152.0 |
        Temple |    413 |    374 |     39 |    349 |      0 |   1 |  413.0 |
               +--------+--------+--------+--------+--------+-----+--------+

Top non-repeatable levels by time:
     D:2: 1720 daAuts
     D:5: 1348 daAuts
     D:1: 1079 daAuts
     D:6: 983 daAuts
     D:3: 929 daAuts
     D:4: 850 daAuts
  Temple: 413 daAuts
